BR (22 & UNDER)
WATERTOWN HEADHUNTERS @ WASHINGTON DC HOT SAUCE
08/21/2029
 
TOP OF THE 1ST
Watertown Headhunters batting - Pitching for Washington DC Hot Sauce : LHP Victor Mooney
Pitching: LHP Victor Mooney
Batting: RHB Gustavo Martínez 0-0: Ball
1-0: Ball
2-0: Bunt for hit - play at first, batter OUT! 5-3
Batting: RHB Héctor Villarreal 0-0: Called Strike
0-1: Foul Ball, location: 2F
0-2: SINGLE (Line Drive, 8LS)
Batting: LHB William Donnelly 0-0: Called Strike
0-1: Ball
1-1: Foul Ball, location: 2F
1-2: Strikes out looking
Batting: LHB Mark Watson 0-0: Ball
1-0: Ball
2-0: Called Strike
2-1: Swinging Strike
2-2: SINGLE (Flyball, 78S)
Héctor Villarreal to second
Runner from 2nd tries for 3rd, SAFE, no throw
Batting: LHB Ángel Figueiedo 0-0: Ball
1-0: Ground out 4-3 (Groundball, 4MS)
Top of the 1st over - 0 runs, 2 hits, 0 errors, 2 left on base; Watertown 0 - Washington DC 0
BOTTOM OF THE 1ST
Washington DC Hot Sauce batting - Pitching for Watertown Headhunters : RHP Darren Dailey
Pitching: RHP Darren Dailey
Batting: RHB Daniel Pineda 0-0: Called Strike
0-1: Foul Ball, location: 2F
0-2: Ball
1-2: Strikes out swinging
Batting: RHB Eric Adams 0-0: Fly out, F7 (Line Drive, 7)
Batting: RHB Kenny Miller 0-0: Called Strike
0-1: Fly out, F9 (Flyball, 9LS)
Bottom of the 1st over - 0 runs, 0 hits, 0 errors, 0 left on base; Watertown 0 - Washington DC 0
TOP OF THE 2ND
Watertown Headhunters batting - Pitching for Washington DC Hot Sauce : LHP Victor Mooney
Batting: RHB António Trevino 0-0: Called Strike
0-1: Ball
1-1: Ball
2-1: Reached on error, E5 (Groundball, 56)
Batting: RHB Juan Camacho 0-0: Called Strike
0-1: Ball
1-1: Ball
2-1: Called Strike
2-2: Foul Ball, location: 2F
2-2: DOUBLE (Line Drive, 78D)
António Trevino to third
Runner from 3rd tries for Home, SAFE, throw made at trailing runner, OUT at third!
Batting: RHB Pedro López 0-0: Called Strike
0-1: Ball
1-1: Ball
2-1: Single, Error in OF, E8, batter to second base
Batting: RHB Steve Welch 0-0: Ball
1-0: Fly out, F6 (Popup, 6MD)
Batting: RHB Gustavo Martínez 0-0: Ball
1-0: Ball
2-0: Ground out 5-3 (Groundball, 56)
Top of the 2nd over - 1 run, 2 hits, 2 errors, 1 left on base; Watertown 1 - Washington DC 0
BOTTOM OF THE 2ND
Washington DC Hot Sauce batting - Pitching for Watertown Headhunters : RHP Darren Dailey
Batting: RHB Nelson Wright 0-0: Ball
1-0: Called Strike
1-1: SINGLE (Line Drive, 6M)
Batting: RHB José Isla 0-0: Called Strike
0-1: Fly out, F8 (Flyball, 89D)
Batting: RHB Jesús García 0-0: Called Strike
0-1: Ball
1-1: Called Strike
1-2: Ball
Nelson Wright steals 2nd base
2-2: Ground out 5-3 (Groundball, 56S)
Nelson Wright to third
Batting: SHB Jared Calhoun 0-0: Foul Ball, location: 2F
0-1: Ball
1-1: Ball
2-1: Called Strike
2-2: 2-RUN HOME RUN (Flyball, 9D), Distance : 369 ft
Batting: RHB Mark Roy 0-0: Ball
1-0: Ball
2-0: Swinging Strike
2-1: Ball
3-1: Called Strike
3-2: Strikes out looking
Bottom of the 2nd over - 2 runs, 2 hits, 0 errors, 0 left on base; Watertown 1 - Washington DC 2
TOP OF THE 3RD
Watertown Headhunters batting - Pitching for Washington DC Hot Sauce : LHP Victor Mooney
Batting: RHB Héctor Villarreal 0-0: Ball
1-0: Fly out, F8 (Flyball, 8LXD)
Batting: LHB William Donnelly 0-0: Foul Ball, location: 2F
0-1: Called Strike
0-2: Strikes out looking
Batting: LHB Mark Watson 0-0: Called Strike
0-1: Ground out 4-3 (Groundball, 4)
Top of the 3rd over - 0 runs, 0 hits, 0 errors, 0 left on base; Watertown 1 - Washington DC 2
BOTTOM OF THE 3RD
Washington DC Hot Sauce batting - Pitching for Watertown Headhunters : RHP Darren Dailey
Batting: LHB Jim Hutchinson 0-0: Fly out, F7 (Flyball, 7LSF)
Batting: RHB Daniel Pineda 0-0: Fly out, F7 (Flyball, 78S)
Batting: RHB Eric Adams 0-0: Ball
1-0: Called Strike
1-1: Foul Ball, location: 2F
1-2: Fly out, F8 (Flyball, 8RD)
Bottom of the 3rd over - 0 runs, 0 hits, 0 errors, 0 left on base; Watertown 1 - Washington DC 2
TOP OF THE 4TH
Watertown Headhunters batting - Pitching for Washington DC Hot Sauce : LHP Victor Mooney
Batting: LHB Ángel Figueiedo 0-0: Ball
1-0: Called Strike
1-1: Swinging Strike
1-2: SINGLE (Line Drive, 8LS)
Batting: RHB António Trevino 0-0: Foul Ball, location: 2F
0-1: Ball
1-1: Foul Ball, location: 2F
1-2: Ball
2-2: Ball
3-2: DOUBLE (Line Drive, 7LS)
Ángel Figueiedo to third
Runner from 3rd tries for Home, SAFE, no throw
Batting: RHB Juan Camacho 0-0: Ball
1-0: Foul Ball, location: 2F
1-1: Foul Ball, location: 2F
1-2: Ground out 6-3 (Groundball, 6M)
António Trevino to third
Batting: RHB Pedro López 0-0: Ball
1-0: Ball
2-0: Called Strike
2-1: Swinging Strike
2-2: Strikes out swinging
Batting: RHB Steve Welch 0-0: Called Strike
0-1: Swinging Strike
0-2: Ball
1-2: Ball
2-2: Strikes out swinging
Top of the 4th over - 1 run, 2 hits, 0 errors, 1 left on base; Watertown 2 - Washington DC 2
BOTTOM OF THE 4TH
Washington DC Hot Sauce batting - Pitching for Watertown Headhunters : RHP Darren Dailey
Batting: RHB Kenny Miller 0-0: Ball
1-0: Ball
2-0: Foul Ball, location: 2F
2-1: Ball
3-1: Foul Ball, location: 2F
3-2: Foul Ball, location: 2F
3-2: Base on Balls
Batting: RHB Nelson Wright 0-0: Ball
Kenny Miller steals 2nd base
1-0: Called Strike
1-1: DOUBLE (Line Drive, 7LS)
Kenny Miller scores
Batting: RHB José Isla 0-0: Ball
Wild Pitch!
Nelson Wright to third
1-0: Ball
2-0: Ball
3-0: Base on Balls
Batting: RHB Jesús García 0-0: Ground out 6-3 (Groundball, 6)
José Isla to second
Batting: SHB Jared Calhoun 0-0: Called Strike
0-1: Ground out 6-3 (Groundball, 6M)
Batting: RHB Mark Roy 0-0: SINGLE (Line Drive, 4D)
Nelson Wright scores
José Isla to third
Batting: LHB Jim Hutchinson 0-0: Ball
1-0: Foul Ball, location: 2F
1-1: Fly out, F5 (Popup, 56S)
Bottom of the 4th over - 2 runs, 2 hits, 0 errors, 2 left on base; Watertown 2 - Washington DC 4
TOP OF THE 5TH
Watertown Headhunters batting - Pitching for Washington DC Hot Sauce : LHP Victor Mooney
Batting: RHB Gustavo Martínez 0-0: Ground out 3-1 (Groundball, 34S)
Batting: RHB Héctor Villarreal 0-0: Foul Ball, location: 2F
0-1: Ball
1-1: Ball
2-1: Fly out, F9 (Flyball, 9LMF)
Batting: LHB William Donnelly 0-0: Fly out, F8 (Flyball, 8LXD)
Top of the 5th over - 0 runs, 0 hits, 0 errors, 0 left on base; Watertown 2 - Washington DC 4
BOTTOM OF THE 5TH
Washington DC Hot Sauce batting - Pitching for Watertown Headhunters : RHP Darren Dailey
Batting: RHB Daniel Pineda 0-0: Called Strike
0-1: DOUBLE (Line Drive, 9D)
Batting: RHB Eric Adams 0-0: Ball
1-0: Called Strike
1-1: Fly out, F5 (Line Drive, 5)
Batting: RHB Kenny Miller 0-0: Ball
Daniel Pineda steals 3rd base
1-0: Fly out, F8 (Flyball, 8LD)
Runner from 3rd tags up, SCORES, throw made
Batting: RHB Nelson Wright 0-0: Ground out 6-3 (Groundball, 6)
Bottom of the 5th over - 1 run, 1 hit, 0 errors, 0 left on base; Watertown 2 - Washington DC 5
TOP OF THE 6TH
Watertown Headhunters batting - Pitching for Washington DC Hot Sauce : LHP Victor Mooney
Batting: LHB Mark Watson 0-0: Called Strike
0-1: Foul Ball, location: 2F
0-2: Ball
1-2: Ground out 4-3 (Groundball, 34D)
Batting: LHB Ángel Figueiedo 0-0: Ball
1-0: Swinging Strike
1-1: Ground out 4-3 (Groundball, 4)
Batting: RHB António Trevino 0-0: Ball
1-0: Ball
2-0: Ball
3-0: Called Strike
3-1: Base on Balls
Batting: RHB Juan Camacho 0-0: Swinging Strike
0-1: Ball
1-1: Swinging Strike
1-2: Foul Ball, location: 2F
1-2: Strikes out swinging
Top of the 6th over - 0 runs, 0 hits, 0 errors, 1 left on base; Watertown 2 - Washington DC 5
BOTTOM OF THE 6TH
Washington DC Hot Sauce batting - Pitching for Watertown Headhunters : RHP Darren Dailey
Batting: RHB José Isla 0-0: Called Strike
0-1: Ball
1-1: Called Strike
1-2: Ball
2-2: Strikes out swinging
Batting: RHB Jesús García 0-0: Ground out 4-3 (Groundball, 34)
Batting: SHB Jared Calhoun 0-0: Swinging Strike
0-1: Foul Ball, location: 2F
0-2: Ground out U3 (Groundball, 3L)
Bottom of the 6th over - 0 runs, 0 hits, 0 errors, 0 left on base; Watertown 2 - Washington DC 5
TOP OF THE 7TH
Watertown Headhunters batting - Pitching for Washington DC Hot Sauce : LHP Victor Mooney
Pitching: RHP Jorge Bonella
Batting: RHB Pedro López 0-0: Called Strike
0-1: Ball
1-1: Swinging Strike
1-2: Ball
2-2: Foul Ball, location: 2F
2-2: Foul Ball, location: 2F
2-2: SINGLE (Flyball, 89M)
Batting: RHB Steve Welch 0-0: Ball
1-0: Ball
2-0: Called Strike
2-1: Foul Ball, location: 2F
2-2: Foul Ball, location: 2F
2-2: Strikes out swinging
Batting: RHB Gustavo Martínez 0-0: Ball
1-0: Called Strike
1-1: Called Strike
1-2: Strikes out swinging
Batting: RHB Héctor Villarreal 0-0: Called Strike
0-1: Ball
1-1: Ball
2-1: Ball
3-1: Ground out U3 (Groundball, 3)
Top of the 7th over - 0 runs, 1 hit, 0 errors, 1 left on base; Watertown 2 - Washington DC 5
BOTTOM OF THE 7TH
Washington DC Hot Sauce batting - Pitching for Watertown Headhunters : RHP Darren Dailey
Batting: RHB Mark Roy 0-0: Ball
1-0: Ball
2-0: Called Strike
2-1: SINGLE (Flyball, 89S)
Batting: LHB Jim Hutchinson 0-0: Ball
1-0: Ball
2-0: SINGLE (Groundball, 56D)
Mark Roy to second
Pitching: LHP Roy Gómez
Batting: RHB Daniel Pineda 0-0: Foul Ball, location: 2F
0-1: Ball
1-1: Ball
2-1: Foul Ball, location: 2F
2-2: Fly out, F8 (Flyball, 8RD)
Batting: RHB Eric Adams 0-0: Ball
1-0: Ball
2-0: Foul Ball, location: 2F
2-1: Swinging Strike
2-2: Foul Ball, location: 2F
2-2: Fielders Choice at 2nd, 5-4 (Groundball, 5)
Mark Roy to third
Batting: RHB Kenny Miller 0-0: Ball
1-0: Ball
2-0: Called Strike
2-1: Ball
3-1: Fielders Choice at 2nd, 5-4 (Groundball, 5)
Bottom of the 7th over - 0 runs, 2 hits, 0 errors, 2 left on base; Watertown 2 - Washington DC 5
TOP OF THE 8TH
Watertown Headhunters batting - Pitching for Washington DC Hot Sauce : RHP Jorge Bonella
Batting: LHB William Donnelly 0-0: Ball
1-0: SOLO HOME RUN (Flyball, 7LD), Distance : 348 ft
Pitching: LHP Brett French
Batting: LHB Mark Watson 0-0: DOUBLE (Flyball, 78D)
Batting: LHB Ángel Figueiedo 0-0: Ball
1-0: Called Strike
1-1: Ball
2-1: Foul Ball, location: 2F
2-2: Strikes out swinging
Pitching: RHP Lyndon Dixon
Batting: RHB António Trevino 0-0: SINGLE (Line Drive, 78S)
Mark Watson to third
Runner from 3rd tries for Home, SAFE, no throw
Pinch Runner at 1st William Mitchell:
Pinch Hitting: LHB Leonardo Torres 0-0: Ball
1-0: Ball
2-0: Foul Ball, location: 2F
2-1: Called Strike
2-2: SINGLE (Flyball, 8LS)
William Mitchell to second
Pinch Hitting: LHB Thad Green 0-0: Ball
1-0: Called Strike
1-1: Ball
2-1: Called Strike
2-2: Foul Ball, location: 2F
2-2: Fly out, F6 (Flyball, 56D)
Batting: RHB Steve Welch 0-0: Swinging Strike
0-1: Ball
1-1: Swinging Strike
1-2: Strikes out swinging
Top of the 8th over - 2 runs, 4 hits, 0 errors, 2 left on base; Watertown 4 - Washington DC 5
BOTTOM OF THE 8TH
Washington DC Hot Sauce batting - Pitching for Watertown Headhunters : LHP Roy Gómez
Pitching: RHP Manuel Trevino
Now at 1B: Robinson Martínez
Now at 2B: William Mitchell
Now in CF: Tom McTier
Batting: RHB Nelson Wright 0-0: Called Strike
0-1: Ball
1-1: Swinging Strike
1-2: Foul Ball, location: 2F
1-2: Fly out, F8 (Flyball, 8RD)
Batting: RHB José Isla 0-0: Ball
1-0: Swinging Strike
1-1: Ball
2-1: Ball
3-1: Called Strike
3-2: SINGLE (Line Drive, 78S)
Batting: RHB Jesús García 0-0: Ball
1-0: Ground out 5-3 (Groundball, 5S)
José Isla to second
Pitching: LHP José Agámez
Pinch Hitting: RHB Martín Flores 0-0: Ball
1-0: Foul Ball, location: 2F
1-1: Reached on error, E1 (Groundball, 15S)
José Isla to third
Batting: RHB Mark Roy 0-0: DOUBLE (Line Drive, 78D)
José Isla scores
Martín Flores to third
Runner from 3rd tries for Home, SAFE, no throw
Batting: LHB Jim Hutchinson 0-0: Ball
1-0: Ground out 6-3 (Groundball, 6)
Bottom of the 8th over - 2 runs, 2 hits, 1 error, 1 left on base; Watertown 4 - Washington DC 7
TOP OF THE 9TH
Watertown Headhunters batting - Pitching for Washington DC Hot Sauce : RHP Lyndon Dixon
Now in RF: Myron Reynolds
Batting: RHB Gustavo Martínez 0-0: Called Strike
0-1: Hit by Pitch
Batting: RHB Héctor Villarreal 0-0: Ball
1-0: Ball
2-0: Ball
3-0: Called Strike
3-1: Foul Ball, location: 2F
3-2: Grounds into double play, 6-4-3 (Groundball, 6)
Batting: LHB William Donnelly 0-0: Ball
1-0: SINGLE (Flyball, 9LS)
Batting: LHB Mark Watson 0-0: Foul Ball, location: 2F
0-1: Swinging Strike
0-2: Ball
1-2: Strikes out swinging
Top of the 9th over - 0 runs, 1 hit, 0 errors, 1 left on base; Watertown 4 - Washington DC 7
Saturday, December 16th, 2017 - OOTP Baseball 18.8 Build 76